 Dungeon Crawl Stone Soup version 0.30-a0-743-gbfdf073431 (webtiles) character file.

Game seed: 14229692574386001901

4664 cforsyth the Summoner (level 10, -11/50 HPs)
             Began as a Tengu Summoner on Feb 6, 2023.
             Mangled by a meliai
             ... wielding a +0 war axe
              (16 damage)
             ... on level 10 of the Dungeon.
             The game lasted 00:29:38 (11301 turns).

cforsyth the Summoner (Tengu Summoner)             Turns: 11301, Time: 00:29:39

Health: -11/50     AC:  6    Str:  9    XL:     10   Next: 44%
Magic:  25/25      EV: 14    Int: 20    God:
Gold:   637        SH:  0    Dex: 14    Spells: 16/29 levels left

rFire   . . .      SeeInvis .    (no weapon)
rCold   . . .      Faith    .    (no shield)
rNeg    . . .      Spirit   .    r - +1 robe
rPois   .          Reflect  .    (helmet restricted)
rElec   .          Harm     .    (no cloak)
rCorr   .          Rampage  .    w - +2 pair of gloves
Will    .....                    (boots unavailable)
Stlth   ++                       (no amulet)
HPRegen 0.28/turn                (no ring)
MPRegen 0.19/turn                (no ring)

@: flying quickly and evasively, quick
A: beak, talons 3, nimble flight
a: no special abilities


You were on level 10 of the Dungeon.
You visited 2 branches of the dungeon, and saw 11 of its levels.

You collected 731 gold pieces.
You spent 94 gold pieces at shops.

Inventory:

Missiles
 y - a throwing net
Armour
 a - a +0 robe
 r - a +1 robe (worn)
 t - a +2 buckler
 w - a +2 pair of gloves (worn)
Jewellery
 j - a ring of protection from fire
 G - a ring of ice
Wands
 g - a wand of roots (14)
 A - a wand of flame (15)
 F - a wand of polymorph (11)
Scrolls
 d - a scroll of fog {unknown}
 e - 3 scrolls of poison {unknown}
 f - 10 scrolls of identify {unknown}
 h - 3 scrolls of vulnerability {unknown}
 i - 6 scrolls of teleportation {unknown}
 l - 3 scrolls of enchant armour {unknown}
 o - 7 scrolls of blinking {unknown}
 p - a scroll of summoning {unknown}
 s - a scroll of fear {unknown}
 x - 5 scrolls of enchant weapon {unknown}
 z - a scroll of brand weapon {unknown}
 D - a scroll of silence {unknown}
 E - a scroll of magic mapping {unknown}
Potions
 b - a potion of magic
 c - a potion of lignification {unknown}
 k - a potion of might {unknown}
 m - 8 potions of curing {unknown}
 n - 6 potions of heal wounds {unknown}
 q - 5 potions of flight {unknown}
 u - 2 potions of cancellation {unknown}
 v - 3 potions of degeneration {unknown}
 B - a potion of invisibility {unknown}
 C - a potion of berserk rage {unknown}


   Skills:
 - Level 2.1 Dodging
 - Level 2.0 Stealth
 + Level 10.0 Spellcasting
 + Level 13.4 Summonings


You had 16 spell levels left.
You knew the following spells:

 Your Spells              Type           Power      Damage    Failure   Level
a - Summon Small Mammal   Summ           100%       N/A       1%          1
b - Call Imp              Summ           59%        N/A       1%          2
c - Call Canine Familiar  Summ           59%        N/A       1%          3
d - Summon Guardian Gole  Hex/Summ       36%        N/A       1%          3
e - Summon Lightning Spi  Summ/Air       36%        N/A       4%          4

Your spell library contained the following spells:

 Spells                   Type           Power      Damage    Failure   Level
 Freeze                   Ice            40%        1d6       7%          1
 Dazzling Flash           Conj/Hex       20%        N/A       21%         3
 Frozen Ramparts          Ice            20%        1d4       21%         3
 Hailstorm                Conj/Ice       10%        3d5       21%         3
 Agony                    Necr           10%        N/A       88%         5
 Silence                  Hex/Air        5%         N/A       88%         5


Dungeon Overview and Level Annotations

Branches:
Dungeon (10/15)            Temple (1/1) D:7             Orc (0/2) D:9
   Lair: D:8-11

Altars:
Ashenzari
Cheibriados
Dithmenos
Elyvilon
Fedhas
Gozag
Hepliaklqana
Kikubaaqudgha
Makhleb
Nemelex Xobeh
Okawaru
Qazlal
Ru
Sif Muna
Trog
Uskayaw
Vehumet
Wu Jian
Xom
Yredelemnul
Zin
The Shining One

Shops:
D:2 ***:(   D:3 (

Annotations:
D:3 3 runed translucent doors, Newt's ghost, amateur DsGl
D:5 1 transporter, baller8008's ghost, novice DECj
D:7 2 runed translucent doors, exclusion: orange crystal statue
D:9 3 runed translucent doors, SirDiesAlot's ghost, novice DsGl


Innate Abilities, Weirdness & Mutations

You have a beak for a mouth.
You have claws for feet.
Your magical nature lets you fly swiftly and evasively.


Message History

Casting: Call Canine Familiar (safe; 1% risk of failure)
Confirm with . or Enter, or press ? or * to list all spells.
The orc shouts!
The orc warrior shouts!
The orc shouts!
You hear a shout!
Your warg bites the orc.
The orc closely misses you.
Your warg bites the orc!
The orc dies!
You swap places.
Things that are here:
a +0 trident; an orc corpse
(D) Dungeon (T) Temple (O) Orcish Mines
Where to? (Enter - D:10, ? - help)
An orc comes into view. It is wielding a +0 falchion.
An orc is nearby!
There is an open door here.
You hit the orc. You claw the orc.
The orc is severely wounded.
The orc hits you with a +0 falchion.
You hit the orc. Your kick misses the orc. You peck the orc.
You kill the orc!
You see here a +0 falchion.
There is an open door here.
(D) Dungeon (T) Temple (O) Orcish Mines
Where to? (Enter - D:10, ? - help)
There is an open door here.
The warg pauses to sniff the ground.
There is an open door here.
You see here a +0 dagger.
There is an open door here.
There is a stone staircase leading down here.
You fly downwards.
Your summoned ally is left behind.
The two-headed ogre shouts in stereo!
The meliai buzzes angrily. x3
There is a stone staircase leading up here.
There are monsters nearby!
The meliai mumbles some strange prayers to its god against you.
Something smites you! The two-headed ogre closely misses you.
The two-headed ogre hits you with a +0 giant club!!
Ouch! That really hurt!
* * * LOW HITPOINT WARNING * * *
The meliai hits you with a +0 war axe!
You die...

#. #. #..
#.y #...
#..# #..
#..O###.....
#..y@.......
#.....#####.
#.....#
#.....#
#.....#
#.#...#
#.#....
#.#..##


You could see a two-headed ogre and 2 meliai.

Vanquished Creatures
  A bullfrog (D:6)
  A wight (D:8)
  An orc (D:9)
  2 giant cockroaches
  A ball python (D:1)
  4 kobolds
10 creatures vanquished.

Vanquished Creatures (collateral kills)
  A wraith (D:9)
  2 steam dragons
  2 wyverns
  Eustachio (D:5)
  3 ice beasts
  2 orc warriors
  A sky beast (D:7)
  2 ogres
  2 centaurs
  3 phantoms
  A kobold brigand (D:9)
  A bullfrog (D:7)
  2 necrophages
  4 scorpions
  4 wights (D:8)
  Dowan (D:4)
  6 killer bees
  3 howler monkeys (D:9)
  3 hounds
  A jelly (D:6)
  A gnoll bouda (D:9)
  5 orc priests
  3 iguanas
  10 orc wizards
  Natasha (twice) (D:2)
  4 gnolls
  Robin (D:2)
  11 adders
  A shadow imp (D:7)
  4 white imps
  3 worms
  2 dart slugs (D:2)
  57 orcs
  5 endoplasms
  2 giant cockroaches (D:4)
  13 goblins
  5 hobgoblins (D:2)
  3 quokkas
  4 ball pythons
  5 bats
  6 frilled lizards
  9 kobolds
  5 rats
206 creatures vanquished.

Vanquished Creatures (others)
  Sigmund (D:3)
  Duvessa (D:4)
  An orc warrior (D:9)
  2 killer bees (D:8)
  A goblin (D:4)
6 creatures vanquished.

Grand Total: 222 creatures vanquished

Notes
Turn   | Place    | Note
-------+----------+-------------------------------------------
     0 | D:1      | cforsyth the Tengu Summoner began the quest for the Orb.
     0 | D:1      | Reached XP level 1. HP: 10/10 MP: 4/4
   360 | D:1      | Reached skill level 5 in Summonings
   519 | D:1      | Reached XP level 2. HP: 15/15 MP: 3/6
  1374 | D:2      | Learned a level 2 spell: Call Imp
  1380 | D:2      | Found a shadowy altar of Dithmenos.
  1524 | D:2      | Found Gehav's Antique Weapon Shop.
  1622 | D:2      | Reached XP level 3. HP: 16/19 MP: 2/7
  1781 | D:2      | Noticed Robin
  1835 | D:2      | Killed Robin
  2104 | D:1      | Reached XP level 4. HP: 24/24 MP: 3/9
  2108 | D:1      | Learned a level 3 spell: Call Canine Familiar
  2244 | D:2      | Found Gyhyboevia's Book Emporium.
  2245 | D:2      | Noticed Natasha
  2257 | D:2      | Killed Natasha
  2258 | D:2      | Reached skill level 6 in Summonings
  2365 | D:2      | Found Zitsurgh's Assorted Antiques.
  2420 | D:2      | Bought a scroll labelled JOEWIUGUXE for 25 gold pieces
  2420 | D:2      | Bought a murky white potion for 22 gold pieces
  2420 | D:2      | Bought a scroll labelled XIDOK GUFUEFYWA for 25 gold pieces
  2420 | D:2      | Bought an orange potion for 22 gold pieces
  2595 | D:2      | Found Mutygane's General Store.
  2606 | D:2      | Found Botwet Ycet's Assorted Antiques.
  2657 | D:2      | Noticed Natasha
  2827 | D:2      | Killed Natasha
  2828 | D:2      | Gained mutation: Your magical nature lets you fly swiftly
                  | and evasively. [Tengu growth]
  2828 | D:2      | Reached XP level 5. HP: 28/28 MP: 1/11
  3128 | D:3      | Noticed Sigmund
  3237 | D:2      | Learned a level 3 spell: Summon Guardian Golem
  3641 | D:3      | Found Amuacab's Antique Weapon Shop.
  3732 | D:3      | Killed Sigmund
  3733 | D:3      | Reached skill level 7 in Summonings
  3733 | D:3      | Reached XP level 6. HP: 29/32 MP: 6/13
  4084 | D:3      | Noticed Newt's ghost (amateur DsGl)
  4089 | D:3      | Found a runed translucent gate.
  4089 | D:3      | Found a runed translucent gate.
  4089 | D:3      | Found a runed translucent gate.
  4229 | D:3      | Found an ornate altar of the Wu Jian Council.
  4295 | D:3      | Found a bloodstained altar of Trog.
  4296 | D:3      | Found an iron altar of Okawaru.
  4298 | D:3      | Found a hazy altar of Hepliaklqana.
  4798 | D:4      | Reached skill level 5 in Spellcasting
  4798 | D:4      | Reached XP level 7. HP: 15/36 MP: 6/15
  5090 | D:4      | Noticed Duvessa
  5093 | D:4      | Noticed Dowan
  5377 | D:4      | Killed Dowan
  5378 | D:4      | Reached skill level 8 in Summonings
  5414 | D:4      | Killed Duvessa
  5875 | D:4      | Learned a level 4 spell: Summon Lightning Spire
  6012 | D:5      | Entered Level 5 of the Dungeon
  6012 | D:5      | Noticed a steam dragon
  6150 | D:5      | Noticed baller8008's ghost (novice DECj)
  6154 | D:5      | Found a transporter.
  6163 | D:5      | Found a glowing silver altar of Zin.
  6219 | D:5      | Reached XP level 8. HP: 41/41 MP: 11/18
  6284 | D:5      | Reached skill level 9 in Summonings
  6524 | D:5      | Noticed Eustachio
  6533 | D:5      | Killed Eustachio
  6534 | D:5      | Reached skill level 10 in Summonings
  7433 | D:6      | Reached XP level 9. HP: 44/45 MP: 15/21
  7711 | D:6      | Found a hide-covered altar of Uskayaw.
  7893 | D:6      | Reached skill level 11 in Summonings
  8085 | D:7      | Found a runed translucent door.
  8090 | D:7      | Found the +10 tower shield of Ignorance {rN+ Int-4}
  8106 | D:7      | Found a runed translucent door.
  8126 | D:7      | Noticed an orange crystal statue
  8407 | D:7      | Found a staircase to the Ecumenical Temple.
  8417 | Temple   | Entered the Ecumenical Temple
  9137 | D:8      | Reached skill level 12 in Summonings
  9217 | D:8      | Found an opulent altar of Gozag.
  9520 | D:8      | Found a sparkling altar of Nemelex Xobeh.
  9575 | D:8      | Reached XP level 10. HP: 47/50 MP: 17/24
 10136 | D:9      | Found a white marble altar of Elyvilon.
 10173 | D:9      | Found a runed translucent gate.
 10173 | D:9      | Found a runed translucent gate.
 10173 | D:9      | Found a runed translucent gate.
 10173 | D:9      | Identified the +2 plate armour of Iwiaw {rPois Stlth+}
 10175 | D:9      | Noticed SirDiesAlot's ghost (novice DsGl)
 10350 | D:9      | Identified the +5 dagger of Sunlight {speed, rPois rC-
                  | Will- Int+8}
 10409 | D:9      | Reached skill level 13 in Summonings
 10662 | D:9      | Found a staircase to the Orcish Mines.
 10693 | D:9      | Reached skill level 10 in Spellcasting
 11300 | D:10     | Entered Level 10 of the Dungeon
 11300 | D:10     | Noticed a two-headed ogre
 11301 | D:10     | Mangled by a meliai

Illustrated notes

Levels and vault maps discovered:
D:1:      lemuel_arrival_hallway, layout_basic
D:2:      layout_basic, basic_altar, serial_shops, shop,
          nicolae_shop_advertising_works [nicolae_subvault_shop_adworks], shop,
          shop, nicolae_shop_trees, st_stairs_10, kennysheep_doodads,
          uniq_natasha, uniq_robin
D:3:      layout_basic, mainiacjoe_overflow_alcove_2, minitemple, serial_shops,
          shop_statue, gammafunk_ghost_split, uniq_sigmund
D:4:      layout_cave_pods, uniq_duvessa
D:5:      layout_rooms, mainiacjoe_overflow_boulevard, gammafunk_ghost_smash,
          uniq_eustachio
D:6:      layout_cave_pools, eat_drink_and_be_merry_uskayaw
D:7:      layout_cave_pools, minmay_temple_entry_poolview,
          chequers_guarded_unrand_ignorance
D:8:      layout_basic, grunt_gozag_statues, nemelex_spade_bored_becter
D:9:      layout_irregular_city, lemuel_round_altar, hiddenorc2_lemuel,
          biasface_ghost_orc_armoury, kennysheep_pointless_box, minivault_26
D:10:     layout_loops_ring, david_lair_generic
Temple:   nicolae_temple_ecumenical_triangle

Skill      XL: |  1  2  3  4  5  6  7  8  9 10 |
---------------+-------------------------------+-----
Summonings     | 5 6 7 8 10 12 13 | 13.4
Spellcasting   | 3 4 5 6 7 9 10 | 10.0
Dodging        | |  2.1
Stealth        | |  2.0

Action                     |  1- 3 |  4- 6 |  7- 9 | 10-12 || total
---------------------------+-------+-------+-------+-------++-------
  Melee: Unarmed           |    40 |    11 |    35 |    13 ||    99
         Kick              |     5 |     2 |     8 |     3 ||    18
         Peck              |     5 |     2 |     6 |     4 ||    17
         Punch             |       |       |     1 |     1 ||     2
   Cast: Summon Small Mamm |    60 |    23 |    22 |     6 ||   111
         Call Imp          |     9 |    11 |    11 |     5 ||    36
         Call Canine Famil |       |    23 |    34 |    17 ||    74
         Summon Guardian G |       |     3 |    16 |     4 ||    23
         Summon Lightning  |       |       |     8 |     3 ||    11
   Stab: Distracted        |     1 |     1 |     1 |       ||     3
 Armour: Robe              |    10 |     8 |    28 |     8 ||    54
  Dodge: Dodged            |    47 |    23 |    67 |    10 ||   147

Table legend: (Time is in decaauts)
 A = Elapsed time spent in this place.
 B = Non-inter-level travel time spent in this place.
 C = Inter-level travel time spent in this place.
 D = Time resting spent in this place.
 E = Time spent auto-exploring this place.
 F = Levels seen in this place.
 G = Mean time per level.
                   A        B        C        D        E       F      G
               +--------+--------+--------+--------+--------+-----+--------+
         Total |  10878 |  10675 |    203 |   1531 |   6528 |  11 |  988.9 |
       Dungeon |  10838 |  10635 |    203 |   1531 |   6500 |  10 | 1083.8 |
        Temple |     39 |     39 |      0 |      0 |     27 |   1 |   39.0 |
               +--------+--------+--------+--------+--------+-----+--------+

Top non-repeatable levels by time:
     D:2: 1837 daAuts
     D:4: 1617 daAuts
     D:1: 1546 daAuts
     D:9: 1338 daAuts
     D:5: 1226 daAuts
     D:8: 999 daAuts
     D:3: 988 daAuts
     D:7: 661 daAuts
     D:6: 623 daAuts
  Temple: 39 daAuts
    D:10: 0 daAuts
